 Dungeon Crawl Stone Soup version 0.24.0-13-gcf9b319 (webtiles) character file.

Game seed: 4334816885086124779, levelgen mode: deterministic

34 Bronimir the Poker (level 3, 0/29 HPs)
             Began as a Centaur Gladiator on Apr 6, 2020.
             Succumbed to an adder's poison
             ... on level 1 of the Dungeon.
             The game lasted 00:01:38 (1115 turns).

Bronimir the Poker (Centaur Gladiator)              Turns: 1115, Time: 00:01:38

Health: 0/29       AC:  7    Str: 17    XL:     3   Next: 14%
Magic:  3/3        EV:  9    Int:  7    God:
Gold:   27         SH:  0    Dex: 10    Spells: 2/2 levels left

rFire    . . .     SeeInvis .   a - +0 trident
rCold    . . .     Gourm    .   (no shield)
rNeg     . . .     Faith    .   e - +0 ring mail
rPois    .         Spirit   .   c - +0 helmet
rElec    .         Reflect  .   (no cloak)
rCorr    .         Harm     .   i - +0 pair of gloves
MR       .....                  (no barding)
Stlth    ..........             (no amulet)
HPRegen  0.09/turn              (no ring)
MPRegen  0.08/turn              (no ring)

@: lethally poisoned (0 -> -2), about to teleport, very quick
A: large, hooves 3, deformed body, speed 2, tough skin 3
a: no special abilities


You were on level 1 of the Dungeon.
You were not hungry.

You visited 1 branch of the dungeon, and saw 2 of its levels.

You collected 27 gold pieces.

Inventory:

Hand Weapons
 a - a +0 trident (weapon)
Missiles
 d - 3 throwing nets (quivered)
 g - 10 sling bullets
 l - 14 stones
Armour
 b - a +0 leather armour
 c - a +0 helmet (worn)
 e - a +0 ring mail (worn)
 i - a +0 pair of gloves (worn)
Scrolls
 h - 3 scrolls of identify
Comestibles
 f - 3 rations
 k - 2 chunks of flesh


   Skills:
 * Level 2.1 Fighting
 * Level 3.2 Polearms
 + Level 2.4 Throwing
 * Level 0.3 Armour
 * Level 2.6 Dodging


You had 2 spell levels left.
You didn't know any spells.
Your spell library was empty.

Dungeon Overview and Level Annotations

Branches:
Dungeon (2/15)

Altars:
Uskayaw

Annotations:
D:2 Robin


Innate Abilities, Weirdness & Mutations

You have hooves in place of feet.
Armour fits poorly on your strangely shaped body.
You cover ground very quickly.
You have extremely tough skin. (AC +3)


Message History

You kill the adder!
You have reached level 3!
Your experience leads to an increase in your attributes!
Increase (S)trength, (I)ntelligence, or (D)exterity?
You feel stronger.
* * * LOW HITPOINT WARNING * * *
You feel sick.
You aren't carrying any potions.
* * * LOW HITPOINT WARNING * * *
You feel sick.
* * * LOW HITPOINT WARNING * * *
You feel sick.
Unknown command.
There is a lethal amount of poison in your body!
As you read the scroll labeled FAFUMO UDDEAG, it crumbles to dust.
It is a scroll of identify.
j - a scroll of teleportation
As you read the scroll of teleportation, it crumbles to dust.
You feel strangely unstable.
You die...

#..............##.# #
#.................# ########
################.....###
#....... ....#
##.#.#.#####.######
###.###########..........#.#
#..............#.#.###.#.######
#############......# #.........
#.##.### ###.###### #.@#.# #.#
######....# #.# #.....[...# #.#
#.####...## #.# #.# ##.## #.#
#.# #.# #.# #.# #.# ##.# #.#
#.# #..##### #.#####.#
#......##


There were no monsters in sight!

Vanquished Creatures
  An adder (D:1)
  A ball python (D:2)
  A giant cockroach (D:2)
  5 goblins
  5 hobgoblins (D:2)
  4 jackals (D:1)
  A quokka (D:2)
  A bat (D:1)
  A frilled lizard (D:2)
20 creatures vanquished.

Notes
Turn   | Place    | Note
-------+----------+-------------------------------------------
     0 | D:1      | Bronimir the Centaur Gladiator began the quest for the Orb.
     0 | D:1      | Reached XP level 1. HP: 17/17 MP: 1/1
   981 | D:2      | Reached XP level 2. HP: 24/24 MP: 2/2
   991 | D:2      | Noticed a +0 hand axe
   993 | D:2      | Noticed a +0 hand axe
   995 | D:2      | Found a hide-covered altar of Uskayaw.
  1047 | D:2      | Noticed Robin
  1047 | D:2      | Reached skill level 3 in Polearms
  1101 | D:1      | Reached XP level 3. HP: 3/29 MP: 3/3
  1105 | D:1      | HP: 1/29 [poisoned by an adder]
  1115 | D:1      | Succumbed to an adder's poison

Levels and vault maps discovered:
D:1:      dpeg_arrival_chase, layout_loops_ring, hangedman_decor_points
D:2:      layout_basic, dancing_weapons_uskayaw, first_ration, serial_bayou,
          serial_bayou_crossing, serial_bayou_shore_a, serial_bayou_shore_b,
          serial_bayou_ford_a, uniq_robin

Skill      XL: |  1  2 |
---------------+-------+-----
Polearms       | 3 |  3.2
Fighting       | |  2.1
Throwing       | |  2.4
Armour         | |  0.3
Dodging        | |  2.6

Action                   || total
-------------------------++-------
Melee: Trident           ||    66
       Kick              ||     5
  Use: Scroll            ||     2
Armor: Leather armour    ||     7
       Ring mail         ||    21
Dodge: Dodged            ||    32
